NCAA
OREGON STATE BEAVERS @ UTAH UTES
04/09/2024
 
TOP OF THE 1ST
Oregon State Beavers batting - Pitching for Utah Utes : RHP Reynaldo Franco
Pitching: RHP Reynaldo Franco
Batting: RHB Ben Barker 0-0: Ground out 5-3 (Groundball, 56S)
Batting: RHB Jorge Costa 0-0: Foul Ball, location: 2F
0-1: Swinging Strike
0-2: Ball
1-2: Strikes out looking
Batting: LHB Charlie Dennis 0-0: Called Strike
0-1: Ball
1-1: Foul Ball, location: 2F
1-2: Fly out, F8 (Flyball, 8LM)
Top of the 1st over - 0 run(s), 0 hit(s), 0 error(s), 0 left on base; Oregon State 0 - Utah 0
BOTTOM OF THE 1ST
Utah Utes batting - Pitching for Oregon State Beavers : RHP Jesús Martínez
Pitching: RHP Jesús Martínez
Batting: RHB Todd Oliver 0-0: Ball
1-0: Ball
2-0: Foul Ball, location: 2F
2-1: Ball
3-1: Ground out U3 (Groundball, 3S)
Batting: RHB Hunter Plunket 0-0: Ground out 3-1 (Groundball, 34)
Batting: LHB Felipe Valino 0-0: Ball
1-0: Ball
2-0: Foul Ball, location: 2F
2-1: Ball
3-1: Base on Balls
Batting: LHB Max Hoskins 0-0: Ball
1-0: Foul Ball, location: 2F
1-1: Called Strike
1-2: Fly out, F8 (Popup, 6MD)
Bottom of the 1st over - 0 run(s), 0 hit(s), 0 error(s), 1 left on base; Oregon State 0 - Utah 0
TOP OF THE 2ND
Oregon State Beavers batting - Pitching for Utah Utes : RHP Reynaldo Franco
Batting: RHB Elvis Hendrix 0-0: Foul Ball, location: 2F
0-1: Foul Ball, location: 2F
0-2: SINGLE (Line Drive, 78S)
Batting: RHB Abraham Hardy 0-0: Ball
1-0: Called Strike
1-1: Foul Ball, location: 2F
1-2: Ball
2-2: Hit by Pitch
Elvis Hendrix to second
Batting: LHB Bob Johnson 0-0: Called Strike
0-1: Ball
1-1: Called Strike
1-2: Foul Ball, location: 2F
1-2: Foul Ball, location: 2F
1-2: Ball
2-2: Ball
3-2: DOUBLE (Line Drive, 7LM)
Elvis Hendrix scores
Abraham Hardy to third
Batting: LHB Carlos Gutiérrez 0-0: Ball
1-0: Ball
2-0: Ball
3-0: Called Strike
3-1: Base on Balls
Batting: SHB Gerald Young 0-0: Ball
1-0: Called Strike
1-1: Ball
2-1: Ball
3-1: Foul Ball, location: 2F
3-2: Strikes out swinging
Batting: RHB Francisco Hernández 0-0: Ball
1-0: Fly out, F5 (Popup, 56S)
Batting: RHB Ben Barker 0-0: SINGLE (Flyball, 7S)
Abraham Hardy scores
Bob Johnson to third
Carlos Gutiérrez to second
Batting: RHB Jorge Costa 0-0: Fly out, F9 (Flyball, 9S)
Top of the 2nd over - 2 run(s), 3 hit(s), 0 error(s), 3 left on base; Oregon State 2 - Utah 0
BOTTOM OF THE 2ND
Utah Utes batting - Pitching for Oregon State Beavers : RHP Jesús Martínez
Batting: RHB Matt Vargas 0-0: Ball
1-0: Called Strike
1-1: Foul Ball, location: 2F
1-2: Strikes out swinging
Batting: LHB William Butler 0-0: Called Strike
0-1: Ball
1-1: Foul Ball, location: 2F
1-2: Foul Ball, location: 2F
1-2: Ball
2-2: Strikes out swinging
Batting: SHB George Wilder 0-0: Ball
1-0: Foul Ball, location: 2F
1-1: Swinging Strike
1-2: Strikes out swinging
Bottom of the 2nd over - 0 run(s), 0 hit(s), 0 error(s), 0 left on base; Oregon State 2 - Utah 0
TOP OF THE 3RD
Oregon State Beavers batting - Pitching for Utah Utes : RHP Reynaldo Franco
Batting: LHB Charlie Dennis 0-0: Foul Ball, location: 2F
0-1: Swinging Strike
0-2: Strikes out swinging
Batting: RHB Elvis Hendrix 0-0: Ball
1-0: Ball
2-0: Ball
3-0: Base on Balls
Batting: RHB Abraham Hardy 0-0: Ball
1-0: Swinging Strike
1-1: Ball
2-1: Swinging Strike
2-2: Foul Ball, location: 2F
2-2: Foul Ball, location: 2F
2-2: Foul Ball, location: 2F
2-2: Ball
3-2: Strikes out swinging
Elvis Hendrix steals 2nd base
Batter strikes out.
Batting: LHB Bob Johnson 0-0: Ball
1-0: Called Strike
1-1: Called Strike
1-2: Foul Ball, location: 2F
1-2: Ball
2-2: Foul Ball, location: 2F
2-2: Strikes out swinging
Top of the 3rd over - 0 run(s), 0 hit(s), 0 error(s), 1 left on base; Oregon State 2 - Utah 0
BOTTOM OF THE 3RD
Utah Utes batting - Pitching for Oregon State Beavers : RHP Jesús Martínez
Batting: SHB Lewis Woods 0-0: SINGLE (Line Drive, 4D)
Batting: RHB Leon Heath 0-0: Grounds into double play, 1-4-3 (Groundball, 13)
Batting: RHB Todd Oliver 0-0: Called Strike
0-1: Ball
1-1: Fly out, F7 (Flyball, 78M)
Bottom of the 3rd over - 0 run(s), 1 hit(s), 0 error(s), 0 left on base; Oregon State 2 - Utah 0
TOP OF THE 4TH
Oregon State Beavers batting - Pitching for Utah Utes : RHP Reynaldo Franco
Batting: LHB Carlos Gutiérrez 0-0: Ball
1-0: Called Strike
1-1: Ball
2-1: Called Strike
2-2: Ball
3-2: Foul Ball, location: 2F
3-2: Strikes out swinging
Batting: SHB Gerald Young 0-0: Called Strike
0-1: Called Strike
0-2: Ball
1-2: Ball
2-2: Ball
3-2: Strikes out looking
Batting: RHB Francisco Hernández 0-0: Foul Ball, location: 2F
0-1: Foul Ball, location: 2F
0-2: Ball
1-2: Ball
2-2: SINGLE (Line Drive, 3D)
Pitching: RHP Don William
Batting: RHB Ben Barker 0-0: Ball
1-0: Called Strike
1-1: Ball
2-1: DOUBLE (Flyball, 89XD)
Francisco Hernández to third
Runner from 3rd tries for Home, SAFE, no throw or cutoff
Batting: RHB Jorge Costa 0-0: Ball
1-0: Called Strike
1-1: Ball
2-1: Ball
3-1: Swinging Strike
Pickoff Throw to Second - Error! E1
Ben Barker to third
3-2: Fly out, F3 (Line Drive, 3L)
Top of the 4th over - 1 run(s), 2 hit(s), 1 error(s), 1 left on base; Oregon State 3 - Utah 0
BOTTOM OF THE 4TH
Utah Utes batting - Pitching for Oregon State Beavers : RHP Jesús Martínez
Batting: RHB Hunter Plunket 0-0: Swinging Strike
0-1: Swinging Strike
0-2: Ground out 6-3 (Groundball, 6)
Batting: LHB Felipe Valino 0-0: Ball
1-0: Ground out 4-3 (Groundball, 34)
Batting: LHB Max Hoskins 0-0: Ball
1-0: Ball
2-0: Fly out, F3 (Line Drive, 3)
Bottom of the 4th over - 0 run(s), 0 hit(s), 0 error(s), 0 left on base; Oregon State 3 - Utah 0
TOP OF THE 5TH
Oregon State Beavers batting - Pitching for Utah Utes : RHP Don William
Batting: LHB Charlie Dennis 0-0: Called Strike
0-1: Ball
1-1: Ball
2-1: Called Strike
2-2: DOUBLE (Line Drive, 9D)
Batting: RHB Elvis Hendrix 0-0: Ball
1-0: Foul Ball, location: 2F
1-1: Called Strike
1-2: Foul Ball, location: 2F
1-2: Strikes out swinging
Batting: RHB Abraham Hardy 0-0: Ball
1-0: Called Strike
1-1: Hit by Pitch
Batting: LHB Bob Johnson 0-0: Swinging Strike
0-1: Ball
1-1: Fly out, F7 (Flyball, 7M)
Batting: LHB Carlos Gutiérrez 0-0: Called Strike
0-1: Ball
1-1: Foul Ball, location: 2F
1-2: Strikes out swinging
Top of the 5th over - 0 run(s), 1 hit(s), 0 error(s), 2 left on base; Oregon State 3 - Utah 0
BOTTOM OF THE 5TH
Utah Utes batting - Pitching for Oregon State Beavers : RHP Jesús Martínez
Batting: RHB Matt Vargas 0-0: Swinging Strike
0-1: Ball
1-1: Ground out 5-3 (Groundball, 5S)
Batting: LHB William Butler 0-0: Foul Ball, location: 2F
0-1: SINGLE (Groundball, 34D)
Batting: SHB George Wilder 0-0: Called Strike
0-1: Foul Ball, location: 2F
0-2: Strikes out swinging
Batting: SHB Lewis Woods 0-0: Called Strike
0-1: Called Strike
0-2: Foul Ball, location: 2F
0-2: Ball
1-2: Ball
2-2: Foul Ball, location: 2F
2-2: Strikes out swinging
Bottom of the 5th over - 0 run(s), 1 hit(s), 0 error(s), 1 left on base; Oregon State 3 - Utah 0
TOP OF THE 6TH
Oregon State Beavers batting - Pitching for Utah Utes : RHP Don William
Batting: SHB Gerald Young 0-0: Ball
1-0: Ball
2-0: Ball
3-0: Called Strike
3-1: Base on Balls
Batting: RHB Francisco Hernández 0-0: Swinging Strike
0-1: Swinging Strike
0-2: Fly out, F7 (Flyball, 78S)
Pitching: RHP Bernard Potts
Batting: RHB Ben Barker 0-0: Ball
1-0: Called Strike
1-1: Ball
2-1: Ball
3-1: Base on Balls
Gerald Young to second
Batting: RHB Jorge Costa 0-0: Ball
1-0: Ball
2-0: Ball
3-0: Called Strike
3-1: Foul Ball, location: 2F
3-2: Base on Balls
Gerald Young to third
Ben Barker to second
Batting: LHB Charlie Dennis 0-0: Called Strike
0-1: Ball
1-1: Ball
2-1: Swinging Strike
2-2: SINGLE (Groundball, 34)
Gerald Young scores
Ben Barker to third
Jorge Costa to second
Runner from 3rd tries for Home, SAFE, no throw or cutoff
Batting: RHB Elvis Hendrix 0-0: SINGLE (Groundball, 56D)
Jorge Costa to third
Charlie Dennis to second
Runner from 3rd tries for Home, throw and OUT!
Charlie Dennis to third
Elvis Hendrix to second
Batting: RHB Abraham Hardy 0-0: Ball
1-0: Called Strike
1-1: Foul Ball, location: 2F
1-2: Ball
2-2: Foul Ball, location: 2F
2-2: Ball
3-2: Foul Ball, location: 2F
3-2: Fly out, F7 (Flyball, 7M)
Top of the 6th over - 2 run(s), 2 hit(s), 0 error(s), 2 left on base; Oregon State 5 - Utah 0
BOTTOM OF THE 6TH
Utah Utes batting - Pitching for Oregon State Beavers : RHP Jesús Martínez
Batting: RHB Leon Heath 0-0: Ball
1-0: Bunt for hit - play at first, batter OUT! 1-3
Batting: RHB Todd Oliver 0-0: Ground out 6-3 (Groundball, 6)
Batting: RHB Hunter Plunket 0-0: Ball
1-0: Fly out, F3 (Line Drive, 3S)
Bottom of the 6th over - 0 run(s), 0 hit(s), 0 error(s), 0 left on base; Oregon State 5 - Utah 0
TOP OF THE 7TH
Oregon State Beavers batting - Pitching for Utah Utes : RHP Bernard Potts
Batting: LHB Bob Johnson 0-0: Called Strike
0-1: Called Strike
0-2: Ball
1-2: SINGLE (Groundball, 56D)
Batting: LHB Carlos Gutiérrez 0-0: Sac Bunt - play at first, batter OUT! 1-4
Bob Johnson to second
Batting: SHB Gerald Young 0-0: Fly out, F7 (Flyball, 7M)
Batting: RHB Francisco Hernández 0-0: Called Strike
0-1: Ball
1-1: Called Strike
1-2: Ball
2-2: Ball
3-2: Strikes out swinging
Top of the 7th over - 0 run(s), 1 hit(s), 0 error(s), 1 left on base; Oregon State 5 - Utah 0
BOTTOM OF THE 7TH
Utah Utes batting - Pitching for Oregon State Beavers : RHP Jesús Martínez
Batting: LHB Felipe Valino 0-0: Ball
1-0: Swinging Strike
1-1: Foul Ball, location: 2F
1-2: Ball
2-2: Ball
3-2: Base on Balls
Batting: LHB Max Hoskins 0-0: Ball
1-0: Fly out, F7 (Flyball, 7D)
Batting: RHB Matt Vargas 0-0: Called Strike
0-1: Swinging Strike
0-2: Ball
1-2: Strikes out swinging
Batting: LHB William Butler 0-0: Ball
Felipe Valino steals 2nd base
1-0: Called Strike
1-1: Ball
2-1: Ball
3-1: Base on Balls
Batting: SHB George Wilder 0-0: Ball
1-0: Ball
2-0: Foul Ball, location: 2F
2-1: Called Strike
2-2: Strikes out swinging
Bottom of the 7th over - 0 run(s), 0 hit(s), 0 error(s), 2 left on base; Oregon State 5 - Utah 0
TOP OF THE 8TH
Oregon State Beavers batting - Pitching for Utah Utes : RHP Bernard Potts
Pitching: LHP Michael George
Batting: RHB Ben Barker 0-0: Ball
1-0: Ball
2-0: Called Strike
2-1: Swinging Strike
2-2: Ground out 5-3 (Groundball, 5)
Batting: RHB Jorge Costa 0-0: Ground out 6-3 (Groundball, 6)
Batting: LHB Charlie Dennis 0-0: Called Strike
0-1: Ball
1-1: Ball
2-1: Swinging Strike
2-2: Strikes out swinging
Top of the 8th over - 0 run(s), 0 hit(s), 0 error(s), 0 left on base; Oregon State 5 - Utah 0
BOTTOM OF THE 8TH
Utah Utes batting - Pitching for Oregon State Beavers : RHP Jesús Martínez
Pitching: RHP Taylor Wright
Batting: SHB Lewis Woods 0-0: Called Strike
0-1: Foul Ball, location: 2F
0-2: Strikes out swinging
Batting: RHB Leon Heath 0-0: Ground out 6-3 (Groundball, 6)
Batting: RHB Todd Oliver 0-0: Called Strike
0-1: Fly out, F5 (Line Drive, 5L)
Bottom of the 8th over - 0 run(s), 0 hit(s), 0 error(s), 0 left on base; Oregon State 5 - Utah 0
TOP OF THE 9TH
Oregon State Beavers batting - Pitching for Utah Utes : LHP Michael George
Batting: RHB Elvis Hendrix 0-0: Called Strike
0-1: Ball
1-1: Ball
2-1: Swinging Strike
2-2: Ball
3-2: Foul Ball, location: 2F
3-2: Foul Ball, location: 2F
3-2: Strikes out swinging
Batting: RHB Abraham Hardy 0-0: Called Strike
0-1: Ball
1-1: Swinging Strike
1-2: Ball
2-2: Ball
3-2: Base on Balls
Batting: LHB Bob Johnson 0-0: Called Strike
0-1: Ball
1-1: Ball
2-1: Ball
3-1: Base on Balls
Abraham Hardy to second
Batting: LHB Carlos Gutiérrez 0-0: Called Strike
0-1: Foul Ball, location: 2F
Balk!
Abraham Hardy to third
Bob Johnson to second
0-2: Ball
1-2: Ball
2-2: Foul Ball, location: 2F
2-2: Ball
3-2: Base on Balls
Batting: SHB Gerald Young 0-0: Ball
1-0: Foul Ball, location: 2F
1-1: Swinging Strike
1-2: Ball
2-2: Foul Ball, location: 2F
2-2: Foul Ball, location: 2F
2-2: Strikes out swinging
Pitching: RHP Joe King
Batting: RHB Francisco Hernández 0-0: Called Strike
0-1: Ground out 6-3 (Groundball, 6)
Top of the 9th over - 0 run(s), 0 hit(s), 0 error(s), 3 left on base; Oregon State 5 - Utah 0
BOTTOM OF THE 9TH
Utah Utes batting - Pitching for Oregon State Beavers : RHP Taylor Wright
Now in RF: Ken Ramsey
Batting: RHB Hunter Plunket 0-0: Swinging Strike
0-1: Ball
1-1: Ball
2-1: Bunt missed!
2-2: DOUBLE (Groundball, 5L)
Batting: LHB Felipe Valino 0-0: Called Strike
0-1: Ball
1-1: Called Strike
1-2: Strikes out looking
Batting: LHB Max Hoskins 0-0: Ball
1-0: Ball
2-0: Ball
3-0: Base on Balls
Batting: RHB Matt Vargas 0-0: Foul Ball, location: 2F
0-1: Called Strike
0-2: Ball
1-2: Foul Ball, location: 2F
1-2: Ball
2-2: Strikes out swinging
Batting: LHB William Butler 0-0: Ball
1-0: 3-RUN HOME RUN (Flyball, 89XD), Distance : 436 ft
Pitching: RHP Chandler Haney
Batting: SHB George Wilder 0-0: Ball
1-0: Foul Ball, location: 2F
1-1: Called Strike
1-2: SINGLE (Flyball, 8LM)
Batting: SHB Lewis Woods 0-0: Ball
1-0: SINGLE (Line Drive, 8LS)
George Wilder to second
Batting: RHB Leon Heath 0-0: Ball
1-0: Swinging Strike
1-1: Called Strike
1-2: SINGLE (Groundball, 34D)
George Wilder to third
Lewis Woods to second
Runner from 3rd tries for Home, SAFE, no throw or cutoff
Batting: RHB Todd Oliver 0-0: Called Strike
0-1: Ball
1-1: Fly out, F7 (Flyball, 7LM)
Bottom of the 9th over - 4 run(s), 5 hit(s), 0 error(s), 2 left on base; Oregon State 5 - Utah 4
This league is powered by Out of the Park Baseball, the baseball management simulation game for PC, Mac and Linux
Saturday, April 9th, 2016 - OOTP Baseball 16.8 Build 38